 Dungeon Crawl Stone Soup version 0.25-a0-479-g8579842 (webtiles) character file.

Game seed: 3287052758080874939, levelgen mode: deterministic

2632 relicbr the Geomancer (level 9, 0/45 HPs)
             Began as a Gargoyle Earth Elementalist on Feb 9, 2020.
             Slain by an orc warrior
             ... wielding a +3 trident
             ... summoned by an orc
              (32 damage)
             ... in a bailey.
             The game lasted 00:17:26 (7712 turns).

relicbr the Geomancer (Gargoyle Earth Elementalist) Turns: 7712, Time: 00:17:26

Health: 0/45       AC: 10    Str: 13    XL:     9   Next: 61%
Magic:  21/21      EV: 10    Int: 18    God:
Gold:   244        SH:  3    Dex: 10    Spells: 15/24 levels left

rFire    . . .     SeeInvis .   n - +1 whip (elec)
rCold    . . .     Gourm    .   v - +0 buckler
rNeg     + + .     Faith    .   a - +0 leather armour
rPois    ∞         Spirit   .   (no helmet)
rElec    +         Reflect  .   c - +0 cloak
rCorr    .         Harm     .   (no gloves)
MR       .....                  (no boots)
Stlth    ++........             p - amulet of the acrobat
HPRegen  0.15/turn              k - ring of wizardry
MPRegen  0.17/turn              w - ring of positive energy

@: no status effects
A: negative energy resistance 1, electricity resistance, unbreathing,
petrification resistance, rot immunity, AC +6
a: no special abilities


You were in a bailey.
You were hungry.

You visited 1 branch of the dungeon, and saw 7 of its levels.
You also visited: Ossuary and Bailey.

You collected 364 gold pieces.
You spent 120 gold pieces at shops.

Inventory:

Hand Weapons
 n - a +1 whip of electrocution (weapon)
Missiles
 b - 72 stones (quivered)
 g - 48 poisoned darts
Armour
 a - a +0 leather armour (worn)
 c - a +0 cloak (worn)
 v - a +0 buckler (worn)
Jewellery
 k - a ring of wizardry (left hand)
 p - an amulet of the acrobat (around neck)
 w - a ring of positive energy (right hand)
 z - the ring "Cakuirch" {rPois rC++ Str-3 Int-3 Dex+3}
   (You found it on level 5 of the Dungeon)

   [ring of strength]

   It affects your strength (-3).
   It affects your intelligence (-3).
   It affects your dexterity (+3).
   It greatly protects you from cold.
   It protects you from poison.
 A - an uncursed amulet of guardian spirit
Wands
 e - a wand of iceblast (2)
Scrolls
 h - a scroll of magic mapping
 x - 4 scrolls of amnesia
 y - 2 scrolls of teleportation
 E - 2 scrolls of enchant weapon {unknown}
Potions
 f - 15 potions of curing
 i - 3 potions of haste
 j - 2 potions of brilliance
 l - 2 potions of lignification {unknown}
 m - 3 potions of flight {unknown}
 o - 3 potions of berserk rage {unknown}
 q - a potion of resistance {unknown}
 r - 2 potions of mutation {unknown}
 s - 2 potions of might {unknown}
 t - a potion of cancellation {unknown}
 u - 2 potions of ambrosia {unknown}
 B - a potion of experience {unknown}
 C - a potion of heal wounds {unknown}
Comestibles
 d - 8 rations
 D - 8 chunks of flesh


   Skills:
 - Level 1.5 Dodging
 - Level 2.1 Stealth
 * Level 8.4 Spellcasting
 + Level 3.0 Conjurations
   Level 0.7 Transmutations
 - Level 10.8 Earth Magic
 + Level 0.7 Evocations


You had 15 spell levels left.
You knew the following spells:

 Your Spells              Type           Power        Failure   Level  Hunger
a - Sandblast             Erth           #####.       1%          1    None
b - Stone Arrow           Conj/Erth      ####..       1%          3    None
c - Lee's Rapid Deconstr  Erth           #####.....   2%          5    #####..

Your spell library contained the following spells:

 Spells                   Type           Power        Failure   Level  Hunger
 Passwall                 Tmut/Erth      ####....     1%          2    None
 Petrify                  Tmut/Erth      ####....     8%          4    ###....


Dungeon Overview and Level Annotations

Branches:
Dungeon (7/15)             Temple (0/1) D:6         Ossuary (visited)
 Bailey (1/1)

Altars:
Cheibriados
Dithmenos
Fedhas
Makhleb
Uskayaw
Xom
The Shining One

Shops:
D:4 !   D:5 [


Innate Abilities, Weirdness & Mutations

You are resistant to torment.
Your stone body is resilient. (AC +6)
You are immune to poison.
You resist negative energy. (rN+)
You are resistant to electric shocks. (rElec)
You can survive without breathing.
You are immune to petrification.
You are immune to rotting.


Message History

The orc barely misses you.
There is an open gate here.
Things that are here:
a +0 halberd; 4 scrolls labeled YTZONEUNLI; an orc corpse You hit the orc but do no damage.
The orc hits you with a +0 dagger. The orc hits you with a +0 hand axe.
The orc warrior hits you but does no damage.
The orc wizard gestures at you while chanting.
You easily resist.
The orc barely misses you. Something hits you.
An orc knight comes into view. It is wielding a +0 trident.
You closely miss the orc. You block the gnoll's attack.
The orc hits you but does no damage. The orc barely misses you.
You hear some strange, mumbled words.
A magic dart appears from out of thin air!
The magic dart hits you. The orc barely misses you.
The orc knight roars a battlecry!
The orcs go into a battle-frenzy!
The orc warrior hits you from afar with a +3 trident!!
Ouch! That really hurt!
You die... #''g''# ##..ogg## #...g...# #...gg..# #....og.# #.oogogo# #..ooogo#

##..ooo##
##oo@##
#..{o.#
#.....#
#...).#
#.....#
#.....#
##'''##
##.....##
#.......#


You could see an orc knight, an orc warrior, an orc wizard, 9 gnolls and 13
orcs.

Vanquished Creatures
  Sigmund (D:3)
  Duvessa (D:5)
  9 orc warriors (Bailey)
  An ice beast (D:5)
  An ogre (D:6)
  An elf zombie (D:4)
  2 elf skeletons (D:4)
  A bullfrog (D:6)
  Dowan (D:5)
  A scorpion (D:5)
  A crimson imp (D:6)
  3 human zombies
  5 hounds
  A bullfrog skeleton (D:6)
  An orc priest (D:4)
  A jelly (D:5)
  Crazy Yiuf (D:6)
  4 orc wizards
  3 human skeletons (D:4)
  2 iguanas
  2 worker ants
  2 big kobold zombies (Ossuary)
  3 mummies (Ossuary)
  7 adders
  A shadow imp (D:6)
  An ooze (D:1)
  2 dart slugs
  6 leopard geckos
  41 orcs
  3 ball pythons
  10 bats
  4 giant cockroaches
  11 goblins
  8 hobgoblins
  2 jackals (D:1)
  A quokka (D:3)
  7 frilled lizards
  A goblin zombie (Ossuary)
  A hobgoblin zombie (Ossuary)
  A jackal skeleton (D:4)
  3 kobolds
  A kobold zombie (Ossuary)
  3 orc skeletons (D:4)
  2 orc zombies
  5 rats
169 creatures vanquished.

Notes
Turn   | Place    | Note
-------+----------+-------------------------------------------
     0 | D:1      | relicbr the Gargoyle Earth Elementalist began the quest for
                  | the Orb.
     0 | D:1      | Reached XP level 1. HP: 10/10 MP: 3/3
   125 | D:1      | Reached skill level 4 in Earth Magic
   207 | D:1      | Reached XP level 2. HP: 13/15 MP: 3/5
   626 | D:1      | Reached XP level 3. HP: 12/19 MP: 6/6
   630 | D:1      | Reached skill level 5 in Earth Magic
  1624 | D:2      | Reached XP level 4. HP: 16/24 MP: 2/7
  1846 | D:2      | Found a glowing golden altar of the Shining One.
  2234 | D:2      | Reached skill level 6 in Earth Magic
  2652 | D:3      | Noticed Sigmund
  2660 | D:3      | Killed Sigmund
  2660 | D:3      | Reached skill level 7 in Earth Magic
  2660 | D:3      | Reached XP level 5. HP: 22/28 MP: 4/8
  2660 | D:3      | Reached XP level 6. HP: 25/32 MP: 4/9
  2808 | D:3      | Reached skill level 8 in Earth Magic
  3095 | D:3      | Noticed a +0 dagger
  3123 | D:3      | Noticed a +0 dagger
  3164 | D:3      | Found a hide-covered altar of Uskayaw.
  3629 | D:4      | Found Dorched's Distillery.
  3649 | D:4      | Bought a potion of haste for 120 gold pieces
  3671 | D:4      | Reached skill level 9 in Earth Magic
  3671 | D:4      | Reached XP level 7. HP: 22/36 MP: 10/10
  3732 | D:4      | Reached skill level 10 in Earth Magic
  3756 | D:4      | Found a sand-covered staircase.
  3763 | Ossuary  | Entered an ossuary
  4469 | D:4      | Reached XP level 8. HP: 22/41 MP: 8/11
  5418 | D:5      | Entered Level 5 of the Dungeon
  5457 | D:5      | Got a faintly glowing golden ring
  5461 | D:5      | Identified the cursed ring "Cakuirch" {rPois rC++ Str-3
                  | Int-3 Dex+3} (You found it on level 5 of the Dungeon)
  5515 | D:5      | Found Ucoat's Antique Armour Emporium.
  5619 | D:5      | Found a snail-covered altar of Cheibriados.
  5625 | D:5      | Learned a level 3 spell: Stone Arrow
  5631 | D:5      | Learned a level 5 spell: Lee's Rapid Deconstruction
  5643 | D:5      | Found a shimmering altar of Xom.
  5692 | D:5      | Found a shadowy altar of Dithmenos.
  5702 | D:5      | Noticed Duvessa
  5702 | D:5      | Noticed Dowan
  5971 | D:5      | Killed Duvessa
  5971 | D:5      | Reached skill level 1 in Conjurations
  5974 | D:5      | Killed Dowan
  6182 | D:6      | Reached skill level 5 in Spellcasting
  6492 | D:6      | Found a staircase to the Ecumenical Temple.
  6518 | D:6      | Found a blossoming altar of Fedhas.
  6735 | D:6      | Found a burning altar of Makhleb.
  6736 | D:6      | Noticed an Executioner
  6752 | D:6      | Reached XP level 9. HP: 45/45 MP: 11/18
  6945 | D:6      | Found a runed translucent door.
  6946 | D:6      | Noticed Crazy Yiuf
  7122 | D:6      | Killed Crazy Yiuf
  7227 | D:7      | Found a flagged portal.
  7242 | Bailey   | Entered a bailey
  7712 | Bailey   | Noticed an orc knight
  7712 | Bailey   | Slain by an orc warrior

Levels and vault maps discovered:
D:1:      dpeg_arrival_castle, layout_basic, grunt_decor_cap, minmay_cut_off
D:2:      layout_basic, tso_metal_star
D:3:      layout_loops_corners, dancing_weapons_uskayaw, uniq_sigmund
D:4:      layout_gridville, nicolae_ossuary_entry_catacombs, first_ration,
          serial_shops, nicolae_shop_window_shopping,
          chequers_serial_rivers_micro_a, roderic_roman_lattice,
          kennysheep_boxes
D:5:      layout_rooms, kennysheep_slug_shrine,
          grunt_dithmenos_smoke_and_mirrors, nicolae_overflow_crystal_walls,
          serial_shops, kennysheep_mini_moat, uniq_duvessa
D:6:      layout_loops_ring, overflow_temple_1_default,
          makhleb_altar_promises_db, minmay_temple_entry_butterflies,
          uniq_crazy_yiuf_cottage
D:7:      layout_loops_ring, grunt_temple_overflow_opulence, enter_bailey_3,
          hex_medium
Bailey:   bailey_polearm_5, bailey

Skill      XL: |  1  2  3  4  5  6  7  8  9 |
---------------+----------------------------+-----
Earth Magic    | 4 5 7 9 10 | 10.8
Spellcasting   | 6 8 |  8.4
Conjurations   | 2 3 |  3.0
Dodging        | |  1.5
Stealth        | |  2.1
Transmutations | |  0.7
Evocations     | |  0.7

Action                   |  1- 3 |  4- 6 |  7- 9 || total
-------------------------+-------+-------+-------++-------
Melee: Dagger            |    11 |       |       ||    11
       Unarmed           |     4 |       |       ||     4
       Short sword       |    59 |    52 |       ||   111
       Whip              |       |    13 |   175 ||   188
Throw: Stone             |       |     1 |       ||     1
 Cast: Sandblast         |    25 |    42 |    60 ||   127
       Stone Arrow       |       |       |    29 ||    29
Evoke: Wand              |       |       |    10 ||    10
  Use: Scroll            |       |     3 |     9 ||    12
 Stab: Sleeping          |     2 |     1 |     4 ||     7
       Distracted        |       |       |     1 ||     1
  Eat: Chunk             |     2 |     7 |     8 ||    17
       Ration            |       |       |     2 ||     2
Armor: Leather armour    |    31 |    39 |    74 ||   144
Dodge: Dodged            |    64 |    40 |    88 ||   192
Block: Buckler           |       |       |    23 ||    23

Table legend:
 A = Non-vault XP
 B = Vault XP
 C = Vault XP percentage of total XP
 D = Non-vault monster count
 E = Vault monster count
 F = Vault count percentage of total count
                 A         B        C        D         E       F
            +---------+---------+-------+---------+---------+-------
      Total |    1341 |    2419 |  64.3 |     101 |      68 |  40.2
            +---------+---------+-------+---------+---------+-------
        D:1 |      41 |      11 |  21.2 |      21 |       3 |  12.5
        D:2 |      61 |       0 |   0.0 |      16 |       0 |   0.0
        D:3 |     109 |     223 |  67.2 |      30 |       1 |   3.2
        D:4 |     228 |     435 |  65.6 |      12 |      11 |  47.8
        D:5 |     278 |     238 |  46.1 |       4 |       3 |  42.9
        D:6 |     624 |      39 |   5.9 |      18 |       1 |   5.3
        D:7 |       0 |       8 | 100.0 |       0 |       4 | 100.0
    Ossuary |       0 |     189 | 100.0 |       0 |      11 | 100.0
     Bailey |       0 |    1276 | 100.0 |       0 |      34 | 100.0
            +---------+---------+-------+---------+---------+-------
